 Dungeon Crawl Stone Soup version 0.31.0-11-ge490571c62 (webtiles) character file.

Game seed: 1050440495078384589

6 SmokeWeed the Sneak (level 1, 0/9 HPs)
             Began as a Spriggan Enchanter on Jan 29, 2024.
             Slain by a gnoll
             ... wielding a +2 spear of venom
              (1 damage)
             ... on level 1 of the Dungeon.
             The game lasted 00:00:53 (76 turns).

SmokeWeed the Sneak (Spriggan Enchanter)              Turns: 76, Time: 00:00:54

Health: 0/9        AC:  2    Str:  4    XL:     1   Next: 75%
Magic:  5/5        EV: 17    Int: 16    God:
Gold:   13         SH:  0    Dex: 15    Spells: 5/5 levels left

rFire   . . .        d - +2 scimitar (drain)
rCold   . . .        (no shield)
rNeg    . . .        b - +0 robe
rPois   .            (helmet restricted)
rElec   .            (no cloak)
rCorr   .            (gloves unavailable)
SInv    +            (boots unavailable)
Will    .....        (no amulet)
Stlth   +++          (no ring)
HPRegen 0.21/turn    (no ring)
MPRegen 0.09/turn

%: no passive effects
@: lethally poisoned (0 -> -6), very quick
A: very small, no large weapons, unfitting armour, see invisible, speed 3
a: no special abilities


You were on level 1 of the Dungeon.
You visited 1 branch of the dungeon, and saw 1 of its levels.

You collected 13 gold pieces.

Inventory:

Hand Weapons
 a - a +1 dagger
 d - a +2 scimitar of draining (weapon)
Armour
 b - a +0 robe (worn)
Potions
 c - 2 potions of invisibility


   Skills:
 + Level 1.1 Short Blades
 + Level 2.6 Dodging
 + Level 4.6 Stealth
 + Level 2.9 Spellcasting
 + Level 3.9 Hexes


You had 5 spell levels left.
You didn't know any spells.
Your spell library contained the following spells:

 Spells                   Type           Power      Damage    Failure   Level
 Confusing Touch          Hex            14%        N/A       12%         3
 Tukima's Dance           Hex            14%        N/A       12%         3
 Ensorcelled Hibernation  Hex/Ice        16%        N/A       13%         2
 Dazzling Flash           Conj/Hex       16%        N/A       26%         3


Dungeon Overview and Level Annotations

Branches:
Dungeon (1/15)

Altars:


Innate Abilities, Weirdness & Mutations

You are very small and have problems with some larger weapons.
You are too small for most types of armour.
You have supernaturally acute eyesight. (SInv)
You cover ground extremely quickly. (Speed+++)


Message History

A rat comes into view.
Found a stone staircase leading down.
A rat is nearby!
A rat comes into view.
Found 13 gold pieces.
Found a scroll labelled QIAGEM EMABRENT.
The rat squeaks loudly. x2
You hit the rat.
You kill the rat!
You slash the rat!
You kill the rat!
You now have 13 gold pieces.
e - a scroll labelled QIAGEM EMABRENT
As you read the scroll labelled QIAGEM EMABRENT, it crumbles to dust.
You hear a loud clanging noise!
It was a scroll of noise.
You hear a shout! x3
A kobold comes into view. It is wielding a +0 dagger.
A gnoll comes into view. It is wielding a +2 spear of venom.
The gnoll shouts!
A bat comes into view.
An endoplasm and a bat come into view.
The endoplasm quivers.
A kobold comes into view. It is wielding a +0 short sword.
You hit the kobold. You drain the kobold.
You kill the kobold!
The bat hits you but does no damage. The bat barely misses you.
You slash the bat!
You kill the bat!
The gnoll closely misses you.
The gnoll hits you with a +2 spear of venom.
Ouch! That really hurt!
You are lethally poisoned!
The endoplasm jiggles.
Items here: ( ) ††.
You barely miss the gnoll.
* * * LOW HITPOINT WARNING * * *
You feel very sick.
An endoplasm comes into view.
The gnoll hits you with a +2 spear of venom.
You die...

#.## #.####..### ...
..# #..## ..# #.# #.##
.. #.# #.# #. #.###.#
#.###.#...# ##
#..##.#.### ..
##......########.##...
#...........@gJ.......
#......#######K#...#..
#....>## #........
#.....# ##..#....
#...... ....b..
#....... ...J.K.
#........ ..#....
#####....# ......
#....


You could see a gnoll, 2 endoplasms and a kobold.

Vanquished Creatures
  A bat (D:1)
  A goblin (D:1)
  A quokka (D:1)
  A kobold (D:1)
  2 rats (D:1)
6 creatures vanquished.

Notes
Turn   | Place    | Note
-------+----------+-------------------------------------------
     0 | D:1      | SmokeWeed the Spriggan Enchanter began the quest for the
                  | Orb.
     0 | D:1      | Reached XP level 1. HP: 9/9 MP: 5/5
    30 | D:1      | Identified a scroll of acquirement
    30 | D:1      | Acquired a +2 scimitar of draining
    76 | D:1      | Slain by a gnoll

Illustrated notes

Levels and vault maps discovered:
D:1:      grunt_arrival_crossed_arrows, layout_basic, minmay_misc_feat_plants

Action                     || total
---------------------------++-------
  Melee: Scimitar          ||     5
         Dagger            ||     2
    Use: Scroll            ||     2
   Stab: Sleeping          ||     2
 Armour: Robe              ||     3
  Dodge: Dodged            ||     2
